Map: Blackpink LE

Players

Cyan - Winner!

  • Race: Zerg Zerg
  • League: Diamond
  • Spawn Location: 7:00

NikkiJane

  • Race: Terran Terran
  • League: Diamond
  • Spawn Location: 1:00

VOD

Have the link to the VOD?

Description

Time

  • Played on: March 14, 2018, 1:12 p.m.
  • Length: 17:06
Show
View Real Time Build Order
Export as new Build Order

Cyan Zerg - Winner!

Build Orders: Hatch First 

Get SALT Encoding   

  12  0:01  Drone  
  13  0:12  Overlord  
  13  0:18  Drone  
  14  0:31  Drone x2  
  14  0:35  Drone  
  17  0:53  Hatchery  
  17  0:56  Drone  
  17  0:59  Drone  
  17  1:03  Extractor  
  17  1:15  Spawning Pool  
  16  1:19  Drone  
  16  1:22  Drone  
  18  1:28  Drone  
  19  1:38  Overlord  
  19  2:02  Queen  
  19  2:04  Metabolic Boost  
  19  2:06  Queen  
  19  2:07  Drone x2  
  25  2:10  Zergling x2  
  26  2:16  Drone  
  27  2:22  Baneling Nest  
  27  2:28  Drone x2  
  28  2:32  Zergling x2  
  29  2:54  Drone x5  
  34  3:08  Drone x2  
  34  3:12  Hatchery  
  35  3:19  Overlord  
  35  3:23  Drone  
  36  3:27  Extractor  
  36  3:30  Drone  
  36  3:34  Roach Warren  
  36  3:36  Extractor, Drone x2  
  36  3:37  Queen  
  38  3:41  Drone x2  
  39  4:05  Drone x3  
  39  4:06  Drone  
  39  4:07  Drone  
  44  4:10  Overlord  
  44  4:11  Overlord  
  44  4:12  Overlord  
  44  4:21  Queen  
  44  4:23  Queen  
  46  4:30  Drone x2  
  46  4:31  Drone x3  
  49  4:32  Drone  
  49  4:35  Queen  
  54  4:52  Drone  
  55  4:53  Roach  
  55  4:54  Extractor, Roach x6  
  68  5:16  Lair  
  68  5:27  Drone  
  68  5:28  Drone x5, Overlord x2  
  74  5:40  Evolution Chamber, Drone  
  74  5:42  Evolution Chamber, Drone  
  74  6:06  Zerg Missile Weapons Level 1  
  74  6:09  Drone x2  
  74  6:10  Drone  
  77  6:11  Zerg Ground Armor Level 1  
  77  6:15  Glial Reconstitution  
  77  6:17  Overseer  
  77  6:19  Overseer  
  77  6:21  Overseer  
  77  6:23  Overlord x3  
  77  6:24  Roach  
  77  6:25  Roach x5  
  89  6:42  Drone  
  89  6:43  Drone x10  
  100  6:49  Roach x3  
  106  6:54  Hydralisk Den  
  106  6:58  Hatchery  
  104  7:06  Roach  
  104  7:07  Roach x4  
  114  7:23  Spine Crawler  
  114  7:24  Spine Crawler  
  114  7:26  Spine Crawler  
  114  7:28  Spine Crawler  
  110  7:31  Hydralisk x2, Grooved Spines  
  110  7:34  Overlord  
  110  7:35  Overlord x2  
  114  8:06  Drone x2  
  114  8:07  Extractor, Drone x4  
  114  8:08  Extractor  
  114  8:09  Zerg Missile Weapons Level 2, Zerg Ground Armor Level 2  
  114  8:12  Hydralisk x4, Roach x4  
  128  8:13  Roach  
  128  8:16  Overlord x3  
  128  8:19  Spore Crawler  
  135  8:22  Spore Crawler  
  134  8:35  Ravager x3  
  134  8:36  Ravager x4  
  141  8:42  Muscular Augments  
  141  8:43  Drone  
  141  8:44  Drone  
  143  8:51  Queen  
  145  9:05  Infestation Pit  
  145  9:08  Spire  
  143  9:33  Hydralisk x5, Roach x3  
  159  9:47  Spine Crawler  
  158  10:03  Hatchery  
  157  10:14  Hive  
  157  10:32  Zerg Flyer Armor Level 1  
  157  10:34  Overlord x4  
  153  11:29  Extractor  
  153  11:30  Extractor, Drone x3  
  153  11:31  Drone x3  
  153  11:32  Overlord x2  
  157  11:37  Zerg Ground Armor Level 3, Zerg Missile Weapons Level 3  
  157  11:40  Corruptor  
  157  11:41  Corruptor x4  
  157  11:42  Viper x2  
  157  11:43  Viper x3  
  182  11:54  Spine Crawler  
  181  11:56  Evolution Chamber  
  181  11:57  Evolution Chamber, Corruptor x2  
  181  11:59  Evolution Chamber  
  182  12:31  Greater Spire  
  182  12:41  Overlord x2  
  124  13:38  Hydralisk, Roach x9  
  124  13:39  Hydralisk x13, Roach x14  
  171  14:03  Brood Lord x4  
  171  14:04  Brood Lord x3, Corruptor  
  171  14:05  Corruptor x2  
  191  14:41  Zerg Melee Weapons Level 1  
  191  14:42  Zerg Flyer Armor Level 2  
  187  15:50  Overlord  
  187  15:51  Overlord x2  
Show
View Real Time Build Order
Export as new Build Order

NikkiJane Terran 

Build Orders: Mech 

Get SALT Encoding   

  12  0:00  SCV  
  13  0:13  SCV  
  14  0:17  Supply Depot  
  14  0:25  SCV  
  15  0:29  Refinery  
  15  0:39  SCV  
  16  0:46  Barracks  
  16  0:51  SCV  
  17  1:03  SCV  
  18  1:15  SCV  
  19  1:28  SCV  
  20  1:33  Reaper  
  21  1:40  Orbital Command  
  21  1:46  Command Center  
  21  1:55  Refinery  
  21  2:06  SCV  
  21  2:07  Supply Depot  
  22  2:11  Barracks Reactor  
  22  2:17  Factory  
  22  2:18  SCV  
  23  2:30  SCV  
  24  2:38  Bunker  
  24  2:42  SCV  
  25  2:54  SCV  
  26  2:58  Orbital Command  
  26  3:07  SCV  
  26  3:08  Factory  
  31  3:13  Hellion x2  
  31  3:19  SCV  
  32  3:21  Supply Depot  
  32  3:23  Marine  
  32  3:26  SCV  
  34  3:31  SCV  
  34  3:32  Supply Depot  
  35  3:39  SCV  
  35  3:40  Hellion  
  38  3:41  Marine  
  39  3:52  Engineering Bay  
  39  3:55  Factory Reactor  
  33  4:08  Supply Depot  
  33  4:10  Hellion x2  
  33  4:12  Supply Depot  
  27  4:26  SCV x2  
  27  4:27  Missile Turret  
  31  4:31  Hellion  
  31  4:38  SCV x2  
  33  4:45  Hellion  
  35  4:50  SCV  
  36  4:55  SCV  
  37  5:02  SCV  
  38  5:07  SCV  
  39  5:14  SCV  
  39  5:19  SCV  
  41  5:22  Hellion x2  
  41  5:26  SCV  
  46  5:31  Factory  
  46  5:33  Factory  
  44  5:50  SCV  
  44  5:51  SCV  
  46  5:58  Command Center  
  46  6:02  SCV  
  46  6:03  SCV  
  48  6:13  Supply Depot  
  48  6:18  Factory  
  48  6:19  Factory Tech Lab x2  
  48  6:25  SCV x2, Starport  
  50  6:29  Refinery  
  50  6:32  Refinery  
  50  6:38  SCV x2  
  52  6:48  Siege Tank x2  
  52  6:50  SCV x2  
  60  7:07  Factory Tech Lab  
  60  7:09  SCV x2  
  62  7:16  Orbital Command  
  62  7:21  Siege Tank x2, SCV x2  
  70  7:33  SCV x2  
  70  7:35  Factory Tech Lab  
  70  7:36  Orbital Command  
  72  7:39  Armory  
  72  7:44  Armory  
  72  7:45  SCV x2  
  72  7:48  Infernal Pre-Igniter  
  74  7:51  Supply Depot  
  74  7:53  Siege Tank x2  
  74  7:57  SCV x2  
  82  8:04  SCV  
  82  8:05  Starport Reactor  
  83  8:09  SCV x2  
  85  8:16  SCV  
  86  8:21  SCV x2  
  86  8:22  Hellion x3  
  86  8:23  Hellion  
  96  8:27  Supply Depot  
  96  8:28  SCV, Terran Vehicle Weapons Level 1  
  96  8:33  SCV  
  96  8:34  SCV  
  99  8:37  Terran Vehicle And Ship Armor Level 1  
  99  8:38  Siege Tank, Smart Servos  
  102  8:58  SCV  
  102  8:59  SCV  
  102  9:02  Siege Tank x2  
  111  9:10  Siege Tank, SCV  
  111  9:12  SCV, Hellion  
  117  9:17  Refinery  
  117  9:27  SCV  
  117  9:28  Refinery  
  117  9:31  Refinery  
  110  9:40  Viking x2  
  110  9:42  Siege Tank  
  117  9:56  Command Center  
  115  10:18  SCV x2  
  117  10:21  Refinery  
  117  10:36  Terran Vehicle Weapons Level 2  
  117  10:38  Command Center  
  117  10:42  Barracks  
  117  10:54  SCV x2  
  117  10:56  Hellion  
  117  11:07  Siege Tank, Planetary Fortress, Thor  
  117  11:08  Hellion x3  
  132  11:18  Supply Depot  
  132  11:22  Terran Vehicle And Ship Armor Level 2  
  132  11:24  Supply Depot  
  132  11:26  Supply Depot  
  132  11:35  Supply Depot  
  140  11:40  Hellion x4  
  140  11:41  Supply Depot  
  140  11:45  Siege Tank, SCV x3  
  146  11:48  Thor  
  146  11:49  SCV  
  146  11:50  Hellion  
  146  11:51  Refinery  
  146  11:53  Refinery, Orbital Command  
  155  11:57  SCV  
  155  11:58  SCV x2  
  155  11:59  Supply Depot  
  162  12:01  SCV, Hellion x2  
  163  12:16  Hellion x3  
  163  12:18  Hellion  
  171  12:26  Hellion x2  
  175  12:31  Siege Tank  
  178  12:38  Siege Tank  
  178  12:39  Siege Tank  
  184  13:10  Thor  
  190  13:16  Thor  
  192  13:24  Thor  
  150  13:34  Hellion x3  
  150  13:35  Hellion  
  156  13:51  Viking x2  
  156  13:53  Thor  
  166  13:56  SCV, Hellion  
  166  13:58  Thor  
  166  14:01  SCV x2  
  166  14:02  SCV  
  178  14:07  Thor  
  178  14:08  SCV  
  185  14:13  SCV x2  
  185  14:14  SCV  
  188  14:18  Hellion x3  
  188  14:20  SCV  
  188  14:24  Supply Depot x2, Viking x2  
  199  15:03  Hellion  
  198  15:16  Orbital Command  
  180  15:46  Siege Tank x2  
  186  16:04  Hellion x2  
  186  16:05  Hellion x3  
  186  16:07  Viking x2  
  193  16:18  Siege Tank x2  
  161  16:26  Siege Tank  
  161  16:28  Hellion x4  
Tags
 
Composition
Mech
Matchup
TvZ
Spawn Locations
Cross Positions
Add a new tag
Caveats
  • Supply blocks, unpowered buildings, or Contaminate may cause inaccurate times.
  • Supply counts are checked every 10 seconds.